AoeStats
← My Baby Shot Me Down

Arena

510479079Analyzed
3v3 RM · 23h ago on Oct 1, 2026· 34m 10s· 6 players
Game mode
Random Map
Map size
Normal (6 player)
Population
200
Speed
Normal
Resources
Standard
Victory
Conquest
Starting age
Dark Age
Ending age
Imperial Age
RankedLock teamsTeams togetherTeam positionsShared explorationLock speedFull tech treeHidden civsTurbo modeCheats
Victory
Defeat
🇲🇽 Persians · Mexico
1170
+15
🇺🇸 Gurjaras · United States
1142
+17
🇺🇸 Koreans · United States
1126
+17
🇨🇳 Saxons · China
1282
-21
🇳🇱 Khmer · Netherlands
1102
-14
🇨🇳 Vietnamese · China
1086
-14
Haxte
garoumarcos
3:42 Loom
10:35 Feudal Age
14:47 Castle Age
12:50 Double-Bit Axe
12:58 Horse Collar
15:45 Wheelbarrow
15:24 Bow Saw
15:22 Heavy Plow
23:43 Hand Cart
24:02 Gold Mining
24:25 Man-at-Arms
25:11 Scale Mail Armor
25:22 Forging
25:14 Long Swordsman
27:21 Gold Shaft Mining
27:17 Pikeman
28:57 Chain Mail Armor
32:51 Iron Casting
33:20 Squires
My Baby Shot Me Down
jellIEBEANS
10:08 Feudal Age
14:48 Castle Age
13:57 Double-Bit Axe
14:16 Horse Collar
14:27 Gold Mining
21:13 Stone Mining
25:25 Imperial Age
24:44 Wheelbarrow
23:55 Loom
24:40 Husbandry
24:50 Bloodlines
27:47 Gold Shaft Mining
27:49 Stone Shaft Mining
28:44 Scale Barding Armor
29:13 Forging
29:09 Tusk Swords
29:57 Hand Cart
30:09 Conscription
30:51 Fletching
31:44 Bodkin Arrow
^(* ̄(oo) ̄)^
楚逸辰
Connection lost

Rejoining the realm…

Still unreachable

The connection could not be restored.

Session expired

The server has moved on; the page needs a fresh start.